 Dungeon Crawl Stone Soup version 0.30-a0-1103-g25895a7845 (webtiles) character file.

Game seed: 11913398703637913585

13868 Newt the Skirmisher (level 12, -3/65 HPs)
             Began as a Kobold Hunter on Apr 18, 2023.
             Was a High Priest of Hepliaklqana.
             Slain by a cane toad (11 damage)
             ... on level 9 of the Dungeon.
             The game lasted 00:15:06 (13712 turns).

Newt the Skirmisher (Kobold Hunter)                Turns: 13712, Time: 00:15:07

Health: -3/65      AC: 15    Str: 25    XL:     12   Next: 38%
Magic:  21/21      EV: 16    Int:  5    God:    Hepliaklqana [*****.]
Gold:   913        SH: 13    Dex: 22    Spells: 20/23 levels left

rFire   + . .      SeeInvis .    n - +1 sling
rCold   + . .      Faith    .    l - +2 kite shield
rNeg    . . .      Spirit   .    F - +3 leather armour {rF+}
rPois   .          Reflect  .    S - +0 helmet "Hofreowef" {Rampage Str+10 Int-5 Stlth-}
rElec   .          Rampage  +    i - +1 cloak of the Zealous God {Regen+ Str+5}
rCorr   .                        (no gloves)
Will    .....                    K - +0 pair of boots
Stlth   ++                       (no amulet)
HPRegen 1.10/turn                w - +4 ring of protection
MPRegen 0.17/turn                y - ring of protection from cold

@: about to teleport
A: reduced essence, small, no large weapons, nightstalker 3
a: Renounce Religion, Recall Ancestor, Ancestor Identity, Transference, Idealise


You were on level 9 of the Dungeon.
You worshipped Hepliaklqana.
Hepliaklqana was extremely pleased with you.
You visited 3 branches of the dungeon, and saw 13 of its levels.

You collected 988 gold pieces.
You spent 75 gold pieces at shops.

Inventory:

Hand Weapons
 a - a +0 shortbow
 n - a +1 sling (weapon)
 B - a +3 arbalest
Missiles
 E - 3 boomerangs of dispersal
 M - 2 throwing nets
Armour
 c - a +0 leather armour
 f - a +0 helmet
 i - the +1 cloak of the Zealous God (worn) {Regen+ Str+5}
   (You acquired it on level 2 of the Dungeon)

   Str:       It affects your strength (+5).
   Regen:     It increases your rate of health regeneration.
 l - a +2 kite shield (worn)
 t - a +2 hat of stealth
 F - a +3 leather armour of fire resistance (worn)
 K - a +0 pair of boots (worn)
 S - the +0 helmet "Hofreowef" (worn) {Rampage Str+10 Int-5 Stlth-}
   (You found it on level 11 of the Dungeon)

   Str:       It affects your strength (+10).
   Int:       It affects your intelligence (-5).
   Rampage:   It bestows one free step when moving towards enemies.
   Stlth:     It makes you less stealthy.
Jewellery
 w - a +4 ring of protection (left hand)
 y - a ring of protection from cold (right hand)
 G - a ring of poison resistance
 J - a ring of willpower
 L - a ring of protection from fire
Wands
 q - a wand of mindburst (2)
 r - a wand of flame (52)
 x - a wand of acid (5)
 C - a wand of iceblast (9)
 R - a wand of polymorph (5)
Scrolls
 b - a scroll of immolation
 e - 4 scrolls of poison
 v - 5 scrolls of teleportation
 z - a scroll of torment
 D - a scroll of enchant weapon
 H - 3 scrolls of blinking
 N - a scroll of fear
 O - 4 scrolls of identify
 P - a scroll of enchant armour
Potions
 d - 3 potions of flight
 g - 2 potions of attraction
 h - a potion of haste
 j - a potion of berserk rage
 k - a potion of invisibility
 m - 3 potions of heal wounds
 o - a potion of ambrosia
 p - 5 potions of curing
 s - 2 potions of might
 u - a potion of magic
 A - 2 potions of brilliance {unknown}
 I - a potion of cancellation {unknown}
Miscellaneous
 Q - a box of beasts


   Skills:
 - Level 8.0 Fighting
 - Level 14.0 Ranged Weapons
 - Level 4.0 Armour
 - Level 6.0 Dodging
 - Level 1.3 Stealth
 - Level 5.0 Shields
 + Level 6.4 Spellcasting
 + Level 6.4 Ice Magic
 - Level 8.0 Invocations


You had 20 spell levels left.
You knew the following spells:

 Your Spells              Type           Power      Damage    Failure   Level
a - Frozen Ramparts       Ice            16%        1d3       30%         3

Your spell library contained the following spells:

 Spells                   Type           Power      Damage    Failure   Level
 Ensorcelled Hibernation  Hex/Ice        8%         N/A       50%         2
 Kiss of Death            Conj/Necr      4%         2d5       80%         1
 Magic Dart               Conj           4%         1d3       80%         1
 Sting                    Tmut/Pois      4%         1d3       80%         1
 Poisonous Vapours        Pois/Air       2%         N/A       91%         2
 Searing Ray              Conj           2%         2d4       91%         2
 Ice Form                 Ice/Tmut       4%         N/A       98%         4
 Summon Ice Beast         Ice/Summ       4%         N/A       98%         4
 Confusing Touch          Hex            1%         N/A       99%         3
 Mephitic Cloud           Conj/Pois/Air  1%         N/A       99%         3
 Spider Form              Tmut/Pois      1%         N/A       99%         3
 Tukima's Dance           Hex            1%         N/A       99%         3
 Anguish                  Hex/Necr       0%         N/A       100%        4
 Dispel Undead            Necr           1%         3d6       100%        4
 Fulminant Prism          Conj/Hex       0%         3d5       100%        4
 Olgreb's Toxic Radiance  Pois           1%         N/A       100%        4
 Passage of Golubria      Tloc           1%         N/A       100%        4
 Blade Hands              Tmut           0%         N/A       100%        5
 Freezing Cloud           Conj/Ice/Air   1%         6-21      100%        5
 Irradiate                Conj/Tmut      0%         3d11      100%        5
 Yara's Violent Unravell  Hex/Tmut       0%         3d3       100%        5
 Dragon Form              Tmut           0%         N/A       100%        7


Dungeon Overview and Level Annotations

Branches:
Dungeon (11/15)            Temple (1/1) D:4            Lair (1/5) D:9
    Orc (0/2) D:11

Altars:
Ashenzari
Cheibriados
Dithmenos
Elyvilon
Fedhas
Gozag
Hepliaklqana
Kikubaaqudgha
Makhleb
Nemelex Xobeh
Okawaru
Qazlal
Ru
Sif Muna
Trog
Uskayaw
Vehumet
Wu Jian
Xom
Yredelemnul
Zin
The Shining One

Shops:
D:9 *   D:10 !

Annotations:
D:4 2 transporters
D:7 1 runed translucent door
D:10 3 runed translucent doors, BubbleThief's ghost, novice NaCA


Innate Abilities, Weirdness & Mutations

Your life essence is reduced to manifest your ancestor. (-10% HP)
You are small and have problems with some larger weapons.
You are completely attuned to the shadows.


Message History

You feel very sick.
The cane toad stings you but does no damage.
The yak misses you. The cane toad closely misses you.
Unknown command.
You feel very sick. The cane toad attacks as you move away!
You block the cane toad's attack.
A komodo dragon comes into view.
You feel very sick.
You shoot a sling bullet. The komodo dragon hisses angrily.
The sling bullet hits the yak but does no damage.
The yak is almost dead.
You feel very sick. The cane toad closely misses you.
The cane toad attacks as you move away! You block the cane toad's attack.
The yak attacks as you move away! You block the yak's attack.
You feel sick.
You feel sick.
You feel sick. You block the cane toad's attack.
You feel sick.
You feel sick. The cane toad attacks as you move away!
You block the cane toad's attack. The yak attacks as you move away!
The yak gores you!
* * * LOW HITPOINT WARNING * * *
You feel sick. You block the komodo dragon's attack.
There is a staircase back to the Dungeon here.
You feel much better.
You feel sick. The yak misses you. The komodo dragon misses you.
You feel sick. You block the cane toad's attack. You block the yak's attack.
You block the komodo dragon's attack. The cane toad misses you.
You climb upwards.
Welcome back to the Dungeon!
You feel sick.
You are no longer poisoned.
There is a staircase to the Lair here.
Unknown command.
As you read the scroll of teleportation, it crumbles to dust.
You feel strangely unstable. The komodo dragon bites you!
* * * LOW HITPOINT WARNING * * *
The yak gores you but does no damage. You block the cane toad's attack.
Unknown command.
The cane toad attacks as you move away! The cane toad stings you!
You die...

......##########.............####
......#.....~≈≈~≈~≈..........# #
>.....#....~.≈≈≈≈≈~~..~...~..# #
......#..~~.~≈≈≈≈≈≈≈≈†..~....# #
#.#...#...~≈≈≈≈≈≈≈≈≈≈~.≈....^# #
...#.....~.~≈≈≈≈~~~≈≈.~~~~...# #
.∩........≈~≈≈.~..≈~~~~≈≈≈~..# #
...#.##.~~~≈≈~~.....~~~≈~~≈..#
#.#[.##...~≈~≈.F@Y...........#
.....##..~~.≈≈~l.....≈~~~~~..#
#######....≈~≈..~...~≈≈≈.....# #
#.....~≈~≈~.~~~~≈≈≈~~~..## #
#.....~≈~~~~~≈≈~≈~≈≈~....### #
#.....~..~≈~≈~~..~~..†.....# #
#....~~..~..~...........##.# #
#.......................##..
######........###################


You could see a komodo dragon, a yak and a cane toad.

Vanquished Creatures
  A boulder beetle (Lair:1)
  Pikel (D:5)
  4 gargoyles (D:9)
  Joseph (D:7)
  An unseen horror (D:11)
  A troll (D:10)
  A wyvern (D:9)
  17 yaks
  A vampire (D:11)
  2 steam dragons (D:8)
  Edmund (D:4)
  2 water moccasins (Lair:1)
  A black bear (D:6)
  4 orc warriors
  2 ice beasts
  2 ogres
  A wolf (D:9)
  A lemure (D:5)
  A phantom (D:6)
  A centaur (D:10)
  A kobold brigand (D:7)
  5 bullfrogs
  2 scorpions
  5 wights
  9 killer bees
  3 electric eels
  A howler monkey (D:9)
  3 jellies
  2 hounds (D:9)
  Crazy Yiuf (D:5)
  5 orc priests
  2 gnoll boudas
  3 iguanas
  5 orc wizards
  12 gnolls
  5 adders
  A shadow imp (D:7)
  3 white imps
  An ufetubus (D:4)
  4 worms
  2 dart slugs (D:1)
  21 orcs
  A ball python (D:4)
  7 endoplasms
  4 giant cockroaches
  41 goblins
  28 hobgoblins
  11 jackals
  16 kobolds
  5 quokkas
  6 bats
  4 frilled lizards
  5 rats
270 creatures vanquished.

Vanquished Creatures (collateral kills)
  2 two-headed ogres
  2 trolls
  A wyvern (D:11)
  2 yaks
  An acid dragon (D:10)
  Duvessa (D:7)
  An orc warrior (D:7)
  3 ice beasts (D:7)
  3 black bears
  3 ogres
  3 centaurs
  3 wights
  Dowan (D:7)
  7 killer bees
  An electric eel (D:9)
  2 orc priests (D:8)
  6 hounds
  An iguana (D:6)
  2 orc wizards
  2 gnolls (D:6)
  8 orcs
  2 kobolds (D:7)
57 creatures vanquished.

Vanquished Creatures (others)
  7 knights
  An orc wizard (D:8)
  2 ancestors (D:5)
  A gnoll (D:5)
  6 fungi
  13 plants
30 creatures vanquished.

Grand Total: 357 creatures vanquished

Notes
Turn   | Place    | Note
-------+----------+-------------------------------------------
     0 | D:1      | Newt the Kobold Hunter began the quest for the Orb.
     0 | D:1      | Reached XP level 1. HP: 12/12 MP: 1/1
    71 | D:1      | Reached XP level 2. HP: 18/18 MP: 2/2
   267 | D:1      | Reached XP level 3. HP: 23/23 MP: 3/3
   854 | D:2      | Identified a scroll of acquirement
   854 | D:2      | Acquired the +1 cloak of the Zealous God {Regen+ Str+5}
  1077 | D:2      | Reached XP level 4. HP: 30/30 MP: 4/4
  1949 | D:3      | Noticed an ogre
  1963 | D:3      | Killed an ogre
  1964 | D:3      | Reached skill level 5 in Fighting
  1964 | D:3      | Reached skill level 6 in Ranged Weapons
  1964 | D:3      | Reached XP level 5. HP: 35/35 MP: 5/5
  2216 | D:3      | Reached skill level 7 in Ranged Weapons
  2216 | D:3      | Reached XP level 6. HP: 40/40 MP: 6/6
  2516 | D:3      | Reached skill level 8 in Ranged Weapons
  2849 | D:3      | Found a faded altar of an unknown god.
  3379 | D:4      | Reached XP level 7. HP: 37/44 MP: 7/7
  3402 | D:4      | Found a transporter.
  3497 | D:4      | Found a snail-covered altar of Cheibriados.
  3611 | D:4      | Found a staircase to the Ecumenical Temple.
  3635 | Temple   | Entered the Ecumenical Temple
  3928 | Temple   | Became a worshipper of Hepliaklqana the Forgotten
  4039 | D:4      | Found a transporter.
  4200 | D:4      | Found a glowing golden altar of the Shining One.
  4473 | D:4      | Noticed Edmund
  4493 | D:4      | Killed Edmund
  4494 | D:4      | Reached skill level 9 in Ranged Weapons
  4918 | D:5      | Entered Level 5 of the Dungeon
  4956 | D:5      | Reached skill level 10 in Ranged Weapons
  5092 | D:5      | Reached XP level 8. HP: 49/49 MP: 8/8
  5147 | D:5      | Reached * piety under Hepliaklqana
  5180 | D:5      | Reached skill level 5 in Dodging
  5187 | D:5      | Noticed Pikel
  5217 | D:5      | Killed Pikel
  5594 | D:5      | Reached XP level 9. HP: 48/48 MP: 9/9
  5696 | D:5      | Found a shimmering blue altar of Sif Muna.
  5893 | D:5      | Found a runed translucent door.
  5896 | D:5      | Noticed Crazy Yiuf
  5904 | D:5      | Killed Crazy Yiuf
  5997 | D:6      | Reached skill level 5 in Shields
  6193 | D:6      | Reached skill level 11 in Ranged Weapons
  6274 | D:6      | Reached ** piety under Hepliaklqana
  6275 | D:6      | Remembered your ancestor Nindada as a knight
  6553 | D:6      | Found a white marble altar of Elyvilon.
  6648 | D:7      | Reached skill level 12 in Ranged Weapons
  6728 | D:7      | Noticed Duvessa
  6730 | D:7      | Noticed Dowan
  6740 | D:7      | Killed Dowan
  6743 | D:7      | Killed Duvessa
  6960 | D:7      | Reached skill level 13 in Ranged Weapons
  7111 | D:7      | Found a stormy altar of Qazlal.
  7362 | D:7      | Reached XP level 10. HP: 53/53 MP: 10/10
  7403 | D:7      | Reached *** piety under Hepliaklqana
  7420 | D:7      | Found a runed translucent door.
  7422 | D:7      | Noticed a sixfirhy
  7572 | D:7      | Reached skill level 14 in Ranged Weapons
  7760 | D:7      | Noticed Joseph
  7771 | D:7      | Killed Joseph
  8283 | D:8      | Found a basalt altar of Yredelemnul.
  8329 | D:8      | Reached skill level 1 in Armour
  8408 | D:8      | Noticed a two-headed ogre
  8414 | D:8      | Killed a two-headed ogre
  8458 | D:8      | Found a sacrificial altar of Ru.
  8725 | D:8      | Found a bloodstained altar of Trog.
  8876 | D:8      | Reached skill level 1 in Invocations
  8970 | D:8      | Found a glowing silver altar of Zin.
  8970 | D:8      | Noticed an angel
  9189 | D:9      | Found a shimmering altar of Xom.
  9231 | D:9      | Noticed a two-headed ogre
  9245 | D:9      | Killed a two-headed ogre
  9246 | D:9      | Reached XP level 11. HP: 39/61 MP: 11/14
  9292 | D:9      | Reached **** piety under Hepliaklqana
  9445 | D:9      | Found an iron altar of Okawaru.
  9535 | D:9      | Reached skill level 5 in Invocations
  9654 | D:9      | Found Dugotuk's Overcharged Wands.
  9702 | D:9      | Found a staircase to the Lair.
  9749 | D:9      | Found a shadowy altar of Dithmenos.
 10007 | D:9      | Learned a level 3 spell: Frozen Ramparts
 10042 | D:9      | Reached skill level 1 in Spellcasting
 10042 | D:9      | Reached skill level 1 in Ice Magic
 10616 | D:10     | Entered Level 10 of the Dungeon
 11332 | D:10     | Reached ***** piety under Hepliaklqana
 11425 | D:10     | Found Juihud's Distillery.
 11430 | D:10     | Bought a potion of heal wounds for 75 gold pieces
 11559 | D:10     | Found a runed translucent gate.
 11560 | D:10     | Found a runed translucent gate.
 11599 | D:10     | Reached XP level 12. HP: 64/65 MP: 18/18
 11854 | D:10     | Found a runed translucent gate.
 11856 | D:10     | Noticed BubbleThief's ghost (novice NaCA)
 12544 | D:11     | Identified the +0 helmet "Hofreowef" {Rampage Str+10 Int-5
                  | Stlth-}
 12585 | D:11     | Reached skill level 5 in Spellcasting
 12585 | D:11     | Reached skill level 5 in Ice Magic
 12625 | D:11     | Found a staircase to the Orcish Mines.
 13423 | Lair:1   | Entered Level 1 of the Lair of Beasts
 13449 | Lair:1   | Noticed a boulder beetle
 13540 | Lair:1   | Killed a boulder beetle
 13707 | Lair:1   | HP: 1/65 [yak (11)]
 13712 | D:9      | Slain by a cane toad

Illustrated notes

Levels and vault maps discovered:
D:1:      erik_arrival_blinker_ship, layout_rooms, dreamdust_mushroom_princess,
          minmay_split_cup_large
D:2:      layout_basic, serial_glass, glass_columns_a, glass_columns_c,
          kennysheep_nub
D:3:      minmay_goblin_kobold_castle, layout_basic,
          hellmonk_ecumenical_altar_dog_temple, minmay_ogre_servants
D:4:      layout_cave_pods, general_overflow_altar, chei_slow_surprise,
          minmay_temple_entry_crystal_x, gammafunk_ghost_abyssal_escape,
          uniq_edmund
D:5:      layout_loops_ring, nicolae_sif_muna_little_library,
          uniq_crazy_yiuf_cottage, uniq_pikel
D:6:      layout_basic, nicolae_elyvilon_temple_path
D:7:      cheibrodos_shockbox, layout_layer_cave,
          nicolae_qazlal_style_of_elements, serial_glass, glass_columns_a,
          glass_columns_a, glass_columns_b, glass_columns_a, glass_columns_c,
          glass_columns_a, uniq_joseph, uniq_duvessa
D:8:      layout_loops_ring, old_standard_altar, zin_angel,
          mainiacjoe_overflow_catch_the_wave, patterned_corridor
D:9:      cheibrodos_statue_roulette, layout_small_grid,
          mainiacjoe_overflow_chevrons, mainiacjoe_overflow_small_starburst,
          mainiacjoe_overflow_paths, erik_lair_island, grunt_ogre_cave,
          nicolae_shop_overcharged_wands
D:10:     layout_basic, gammafunk_ghost_ooze, serial_shops, shop,
          nrook_mini_backslash
D:11:     layout_basic, orc_0_dummy, chequers_garden
Temple:   jpeg_temple_alley_garden
Lair:1:   layout_regular_city, basic_altar

Skill      XL: |  1  2  3  4  5  6  7  8  9 10 11 12 |
---------------+-------------------------------------+-----
Fighting       | 3 4 5 8 |  8.0
Ranged Weapons | 6 7 8 10 13 14 | 14.0
Dodging        | 4 6 |  6.0
Shields        | 4 5 |  5.0
Armour         | 4 |  4.0
Invocations    | 4 8 |  8.0
Spellcasting   | 4 6 |  6.4
Ice Magic      | 4 6 |  6.4
Stealth        | |  1.3

Action                     |  1- 3 |  4- 6 |  7- 9 | 10-12 || total
---------------------------+-------+-------+-------+-------++-------
   Fire: Shortbow          |    91 |   242 |       |       ||   333
         Sling             |       |     8 |   303 |   751 ||  1062
   Cast: Frozen Ramparts   |       |       |       |     5 ||     5
 Invoke: Ancestor Life: Kn |       |       |     1 |       ||     1
         Idealise          |       |       |       |     1 ||     1
  Evoke: Wand              |       |       |       |     4 ||     4
    Use: Scroll            |     6 |     7 |     4 |     6 ||    23
         Potion            |       |       |     1 |     3 ||     4
 Armour: Leather armour    |    12 |    39 |    32 |    87 ||   170
         Skin              |       |       |     5 |       ||     5
  Dodge: Dodged            |    49 |   157 |    66 |   220 ||   492
  Block: Kite shield       |       |       |    75 |   279 ||   354

Table legend: (Time is in decaauts)
 A = Elapsed time spent in this place.
 B = Non-inter-level travel time spent in this place.
 C = Inter-level travel time spent in this place.
 D = Time resting spent in this place.
 E = Time spent auto-exploring this place.
 F = Levels seen in this place.
 G = Mean time per level.
                   A        B        C        D        E       F      G
               +--------+--------+--------+--------+--------+-----+--------+
         Total |  13823 |  13154 |    669 |   1094 |   9837 |  13 | 1063.3 |
       Dungeon |  13219 |  12621 |    598 |   1094 |   9469 |  11 | 1201.7 |
        Temple |    322 |    252 |     70 |      0 |    246 |   1 |  322.0 |
          Lair |    281 |    281 |      0 |      0 |    122 |   1 |  281.0 |
               +--------+--------+--------+--------+--------+-----+--------+

Top non-repeatable levels by time:
     D:7: 1559 daAuts
    D:10: 1505 daAuts
     D:3: 1489 daAuts
     D:9: 1452 daAuts
     D:4: 1271 daAuts
     D:2: 1270 daAuts
    D:11: 1265 daAuts
     D:5: 1058 daAuts
     D:8: 1016 daAuts
     D:6: 665 daAuts
     D:1: 664 daAuts
  Temple: 322 daAuts
  Lair:1: 281 daAuts
